 Dungeon Crawl Stone Soup version 0.26.0-16-gc1dbca0489 (webtiles) character file.

Game seed: 15244705222699271348

350 dredge the Skirmisher (level 6, -4/56 HPs)
             Began as a Hill Orc Berserker on Jan 17, 2021.
             Was a Priest of Trog.
             Splashed by a jelly's acid (7 damage)
             ... on level 3 of the Dungeon.
             The game lasted 00:09:34 (3210 turns).

dredge the Skirmisher (Hill Orc Berserker)          Turns: 3210, Time: 00:09:35

Health: -4/56      AC: -4    Str: 22    XL:     6   Next: 61%
Magic:  6/6        EV:  8    Int:  7    God:    Trog [***...]
Gold:   210        SH:  0    Dex: 10    Spells: 5/5 levels left

rFire    . . .     SeeInvis .   a - +1 falchion
rCold    . . .     Faith    .   (no shield)
rNeg     . . .     Spirit   .   g - +0 chain mail
rPois    .         Reflect  .   (no helmet)
rElec    .         Harm     .   (no cloak)
rCorr    .         Rampage  .   b - +0 pair of gloves
Will     .....                  f - +0 pair of boots (curse)
Stlth    ..........             d - amulet of magic regeneration
HPRegen  0.18/turn              (no ring)
MPRegen  0.35/turn              (no ring)

@: corroded
A: no striking features
a: Renounce Religion, Berserk, Trog's Hand


You were on level 3 of the Dungeon.
You worshipped Trog.
Trog was most pleased with you.
You visited 1 branch of the dungeon, and saw 3 of its levels.

You collected 210 gold pieces.

Inventory:

Hand Weapons
 a - a +1 falchion (weapon)
Missiles
 l - 7 poisoned darts (quivered)
Armour
 b - a +0 pair of gloves (worn)
 f - a cursed +0 pair of boots (worn)
 g - a +0 chain mail (worn)
Jewellery
 d - an amulet of magic regeneration (around neck)
Scrolls
 e - a scroll of blinking {unknown}
 h - a scroll of amnesia {unknown}
 j - 2 scrolls of fog
 m - a scroll of remove curse {unknown}
 o - a scroll of identify
Potions
 c - a potion of curing {unknown}
 i - a potion of mutation {unknown}
 k - a potion of haste {unknown}
 n - a potion of might {unknown}


   Skills:
 * Level 5.5 Fighting
 + Level 5.4 Long Blades
 + Level 1.0 Throwing
 * Level 4.0 Armour
 + Level 2.0 Dodging
 + Level 0.1 Stealth


You had 5 spell levels left.
You didn't know any spells.
Your spell library was empty.

Dungeon Overview and Level Annotations

Branches:
Dungeon (3/15)

Altars:
Okawaru
Qazlal


Message History

You hit the ooze but do no damage.
The ooze is moderately wounded.
The ooze hits you.
You slash the ooze!
You kill the ooze!
Trog accepts your kill.
You slash the jelly! The acid corrodes you!
Your hands burn!
The jelly is severely wounded.
The jelly barely misses you.
You hit the jelly but do no damage.
Your hands burn!
The jelly is severely wounded.
The jelly hits you. The acid corrodes you!
You are splashed with acid!
* * * LOW HITPOINT WARNING * * *
You hit the jelly but do no damage.
Your hands burn!
* * * LOW HITPOINT WARNING * * *
The jelly is severely wounded.
The jelly hits you.
* * * LOW HITPOINT WARNING * * *
You are splashed with acid!
You die...

#.###########
# #.P÷.....(
# #÷.÷P.J.J.
# #÷÷.PJJ.J.
# #.P...P.J.
# #...J.÷..÷
# #...P.J.P.
#'#######
##.J@.((## ##
########(# #.
#....'..## #.
#....#### #.
#.......# #.
#[......# #.
#.......# #.
#.......# #.
##.....## ##


You could see a jelly.

Vanquished Creatures
  A scorpion (D:2)
  An orc wizard (D:3)
  An orc priest (D:3)
  2 jellies (D:3)
  6 adders
  6 oozes
  5 worms
  2 dart slugs (D:2)
  A leopard gecko (D:3)
  5 orcs (D:3)
  4 giant cockroaches
  7 goblins
  9 hobgoblins
  3 jackals (D:1)
  11 bats
  A frilled lizard (D:2)
  15 kobolds
  9 rats
89 creatures vanquished.

Vanquished Creatures (others)
  4 fungi (D:3)
  8 toadstools (D:3)
12 creatures vanquished.

Grand Total: 101 creatures vanquished

Notes
Turn   | Place    | Note
-------+----------+-------------------------------------------
     0 | D:1      | dredge the Hill Orc Berserker began the quest for the Orb.
     0 | D:1      | Reached XP level 1. HP: 19/19 MP: 1/1
     0 | D:1      | Noticed a human
     0 | D:1      | Noticed a human
     1 | D:1      | Noticed a merfolk zombie
    12 | D:1      | Noticed a felid
    16 | D:1      | Noticed a centaur
    16 | D:1      | Noticed a centaur
    16 | D:1      | Noticed a merfolk zombie
   348 | D:1      | Reached XP level 2. HP: 27/27 MP: 2/2
   684 | D:1      | Reached XP level 3. HP: 34/34 MP: 3/3
  1197 | D:2      | Reached ** piety under Trog
  1197 | D:2      | Noticed a scorpion
  1211 | D:2      | Killed a scorpion
  1212 | D:2      | Reached XP level 4. HP: 36/41 MP: 4/4
  1375 | D:2      | Reached skill level 5 in Fighting
  1375 | D:2      | Reached XP level 5. HP: 33/48 MP: 5/5
  1744 | D:2      | Found a stormy altar of Qazlal.
  1746 | D:2      | Noticed a fire elemental
  1747 | D:2      | Noticed a water elemental
  1747 | D:2      | Noticed an air elemental
  2213 | D:3      | Found an iron altar of Okawaru.
  2766 | D:3      | Reached XP level 6. HP: 19/56 MP: 6/6
  2773 | D:3      | Reached skill level 5 in Long Blades
  3122 | D:3      | Reached *** piety under Trog
  3188 | D:3      | Reached skill level 1 in Throwing
  3210 | D:3      | Splashed by a jelly's acid

Illustrated notes

Levels and vault maps discovered:
D:1:      shiori_arrival_whats_in_store_for_you, layout_loops_ring,
          minmay_ruptured
D:2:      layout_basic, nicolae_qazlal_style_of_elements
D:3:      cheibrodos_fertilizer, layout_basic, kennysheep_okawaru_gauntlet

Skill      XL: |  1  2  3  4  5  6 |
---------------+-------------------+-----
Fighting       | 4 5 |  5.5
Long Blades    | 4 5 |  5.4
Armour         | 3 4 |  4.0
Dodging        | 2 |  2.0
Throwing       | 1 |  1.0
Stealth        | |  0.1

Action                   |  1- 3 |  4- 6 || total
-------------------------+-------+-------++-------
Melee: Falchion          |   107 |   196 ||   303
Throw: Dart              |       |     9 ||     9
Invok: Berserk           |       |     1 ||     1
  Use: Scroll            |     2 |     1 ||     3
Armor: Animal skin       |     6 |       ||     6
       Chain mail        |    39 |   138 ||   177
       Leather armour    |     7 |       ||     7
Dodge: Dodged            |    68 |   118 ||   186
       Rpst.: Falchion   |    19 |    29 ||    48
